Cogmind - Beta 15 @@@ ROGUE MODE // 2025.08.04 @ 17:48:04 Player: OoferDoofums Result: Destroyed by S-27 Virus with Autogun Performance ------------- Evolutions (3) 1500 Regions Visited (6) 1200 Robots Destroyed (41) 205 Value Destroyed (1304) 1304 Prototype IDs (3) 60 Alien Tech Used (0) 0 Bonus (0) 0 TOTAL SCORE: 4269 Bonus ------- None Cogmind --------- Core Integrity 0/700 Matter 290/300 Energy 15/160 System Corruption 9% Temperature Cool (0) Movement Core (200) Ox3 Location -7/Lower Caves Parts ------- > --- POWER (1) -------- Light Nuclear Core > --- PROPULSION (3) --- (None) > --- UTILITY (6) ------ Coolant Injector Visual Processing Unit Signal Interpreter Terrain Scan Processor > --- WEAPON (3) ------- Great Axe > --- INVENTORY (5) ---- Micro Nuclear Core Improved Cooling System Energy Filter Peak State ------------ > --- POWER ------------ Improved Deuterium Engine > --- PROPULSION ------- Wheel Armored Huge Wheel > --- UTILITY ---------- Improved Heat Sink Coolant Injector Small Storage Unit Terrain Scan Processor Power Shielding Improved Propulsion Shielding > --- WEAPON ----------- Heavy Laser Remote Datajack Great Axe > --- INVENTORY -------- Light Deuterium Engine Improved Deuterium Engine Micro Nuclear Core Improved Cooling System Visual Processing Unit Signal Interpreter Energy Filter [Rating: 41] Favorites ----------- Power Light Ion Engine Engine Light Ion Engine Power Core Nuclear Core Propulsion Light Treads Treads Light Treads Leg Aluminum Leg Wheel Compact Wheel Hover Unit Gravmag System Flight Unit VTOL Module Utility Terrain Scan Processor Device Coolant Injector Storage Small Storage Unit Processor Terrain Scan Processor Protection Power Shielding Weapon Small Laser Energy Gun Small Laser Ballistic Gun Autogun Ballistic Cannon Improved Light Cannon Launcher Grenade Launcher Special Weapon Mining Laser Slashing Weapon Great Axe Special Melee Weapon Improved Datajack Build | -11 -10 -9 -9 -8 -7 -7 ------- Run | Yrd Mat Mat Min Mat Fac Low Slots Evolved 6 | . . 2 . 2 2 . Power . | . . . . . . . Propulsion 1 | . . 1 . . . . Utility 4 | . . 1 . 1 2 . Weapon 1 | . . . . 1 . . Parts Attached 58 | 6 5 3 . 10 31 3 Power 9 | 1 1 . . 2 3 2 Engine 6 | 1 1 . . 1 2 1 Core 3 | . . . . 1 1 1 Reactor . | . . . . . . . Propulsion 15 | 2 . . . 2 11 . Treads 4 | 2 . . . 2 . . Leg 3 | . . . . . 3 . Wheel 4 | . . . . . 4 . Hover 2 | . . . . . 2 . Flight 2 | . . . . . 2 . Utility 16 | 1 2 1 . 3 8 1 Device 10 | 1 1 . . 2 5 1 Storage 1 | . . 1 . . . . Processor 3 | . . . . 1 2 . Hackware . | . . . . . . . Protection 2 | . 1 . . . 1 . Artifact . | . . . . . . . Weapon 18 | 2 2 2 . 3 9 . Energy Gun 9 | 2 . 1 . . 6 . Energy Cannon . | . . . . . . . Ballistic Gun 2 | . . . . . 2 . Ballistic Cannon 1 | . . . . 1 . . Launcher 1 | . . 1 . . . . Special Weapon 3 | . 2 . . . 1 . Impact Weapon . | . . . . . . . Slashing Weapon 1 | . . . . 1 . . Piercing Weapon . | . . . . . . . Special Melee Weapon 1 | . . . . 1 . . Unidentified Prototypes 1 | . . . . 1 . . Corrupted Parts 1 | . . . . . . 1 System Corruption 3 | . . . . . . 3 Parts Lost 29 | . 2 . . 3 19 5 Power 3 | . . . . . 2 1 Propulsion 8 | . . . . 1 5 2 Utility 8 | . 1 . . 1 6 . Weapon 10 | . 1 . . 1 6 2 Highest Loss Streak 5 | . 2 . . 1 4 5 To Critical Strikes 1 | . 1 . . . . . Average Backups 5 | 1 4 4 5 6 6 3 Power 1 | . . 1 1 1 1 1 Propulsion . | . . . . . . . Utility 2 | . 1 . 1 1 3 2 Weapon 1 | . 2 3 3 3 1 . Tool/Special . | . . . . . . . Unused Backups 4 | . . . . 1 1 2 Power 1 | . . . . . . 1 Propulsion . | . . . . . . . Utility 1 | . . . . . . 1 Weapon 2 | . . . . 1 1 . Tool/Special . | . . . . . . . Average Slot Usage (%) 88 | . 98 88 88 94 83 90 Engine 7 | . 14 11 11 5 4 3 Core 1 | . . . . 3 1 . Treads 11 | . 28 22 22 23 2 . Leg 2 | . . . . . 3 7 Wheel 1 | . . . . . 2 6 Flight 1 | . . . . . 2 . Device 16 | . 24 11 11 9 17 19 Storage 5 | . . 11 11 9 5 . Processor 8 | . . . . 8 11 23 Protection 6 | . 2 11 11 9 7 . Energy Gun 12 | . 18 11 11 13 11 6 Ballistic Gun 1 | . . . . . 2 6 Special Weapon 4 | . 9 11 11 6 1 . Slashing Weapon 2 | . . . . . 3 7 Peak Build Rating 41 | 8 9 8 9 24 41 37 Average Rating 21 | 5 8 8 8 15 31 33 On Entrance 12 | . 8 7 8 9 24 31 Naked Turns . | . . . . . . . Heaviest Build 32 | 6 7 14 13 21 32 17 Greatest Support 60 | 40 40 40 40 60 40 18 Greatest Overweight (x) 10 | . . . . . 10 . Average Overweight (x) . | . . . . . 1 . Largest Inventory Capacity 8 | 5 5 8 8 8 8 5 Average Capacity 6 | 5 5 8 8 8 7 5 Most Carried 8 | 3 5 5 6 8 8 5 Average Carried 5 | 1 4 4 5 6 6 3 Final Capacity 8 | 5 5 8 8 8 5 5 Final Carried 8 | 3 5 5 6 8 5 3 Class Distribution -------------------- 59% | Mutant 17% | Scavenger-Mutant 15% | Scavenger-Tank 4% | Tank Dominant Class ---------------- Mutant | -10/Materials Mutant | -9/Materials Mutant | -9/Mines Mutant | -8/Materials Mutant | -7/Factory Scavenger-Mutant | -7/Lower Caves Resources | -11 -10 -9 -9 -8 -7 -7 ----------- Run | Yrd Mat Mat Min Mat Fac Low Matter Collected 1012 | 179 48 30 . 224 484 47 Remotely . | . . . . . . . Salvage Created 1352 | 97 32 72 . 251 870 30 Parts 64 | 5 . 3 . 11 43 2 Haulers Intercepted . | . . . . . . . Recyclers Shooed . | . . . . . . . Parts Field Recycled . | . . . . . . . Retrieved Matter . | . . . . . . . Parts Self-Destructed 5 | . . . . . . 5 Prevented 1 | . . . . . . 1 Kills | -11 -10 -9 -9 -8 -7 -7 ------- Run | Yrd Mat Mat Min Mat Fac Low Combat Hostiles Destroyed 31 | . 3 2 . 7 18 1 Melee 7 | . . . . . 7 . Guns 19 | . 3 1 . 3 11 1 Cannons 1 | . . . . 1 . . AOE 4 | . . 1 . 3 . . Classes Destroyed 11 | 2 2 1 . 1 5 . Worker 3 | . . . . . 3 . Builder 1 | . . 1 . . . . Tunneler 2 | 1 . . . 1 . . Recycler 2 | 1 . . . . 1 . Watcher 2 | . . . . . 2 . Swarmer 12 | . 2 . . 2 7 1 Grunt 7 | . 1 2 . 2 2 . Brawler 1 | . . . . . 1 . Sentry 5 | . . . . 3 2 . Hunter 2 | . . . . . 2 . Programmer 4 | . . . . . 4 . Best Kill Streak 3 | 1 1 2 . 3 3 1 Combat Bots Only 3 | . 1 2 . 3 3 1 Max Kills in Single Turn 2 | 1 1 1 . 2 1 1 Gunslinging . | . . . . . . . Exploded 2 | . . 1 . 2 . . Melee 1 | . . . . . 1 . Uniques/NPCs Destroyed . | . . . . . . . Combat | -11 -10 -9 -9 -8 -7 -7 -------- Run | Yrd Mat Mat Min Mat Fac Low Hostile Shots Fired 455 | . 44 11 2 69 266 63 Missed 150 | . 13 3 1 18 88 27 Hits 305 | . 31 8 1 51 178 36 Melee 1 | . . . . . 1 . Projectile 304 | . 31 8 1 51 177 36 AOE 1 | . . . . . 1 . Critical Strikes 8 | . 1 . . 3 3 1 Actively Blocked 1 | . . . . . 1 . Damage Taken 3700 | . 253 94 10 659 2295 389 Core 890 | . 45 59 . 85 549 152 Absorbed by Shields 265 | . . . . . 265 . Redirected to Shielding 155 | . . 3 . 16 136 . Core Remaining (%) 87 | 100 82 . 85 84 . . Volleys Fired 144 | 8 20 15 5 34 56 6 Largest 3 | 2 2 2 1 2 3 2 Hottest 229 | 80 140 140 50 150 229 73 Shots Fired 226 | 16 30 18 5 43 104 10 Gun 175 | 16 15 6 5 28 95 10 Cannon 4 | . . . . 4 . . Launcher 9 | . . 2 . 3 4 . Special 38 | . 15 10 . 8 5 . Kinetic 12 | . . . . 4 4 4 Thermal 191 | 16 30 16 5 36 88 . Explosive 9 | . . 2 . 3 4 . Electromagnetic 9 | . . . . . 3 6 Robot Hit Streak 15 | 8 15 6 7 6 12 9 Robot Miss Streak 8 | 1 4 1 4 2 8 2 Penetration Max . | . . . . . . . Secondary Targets 1 | . . . . . . 1 Max Gunslinging Chain 1 | . . . . . . 1 Shots Hit Robots 145 | 13 13 8 1 27 75 8 Core Hits 76 | 3 4 6 . 15 45 3 Critical Kills . | . . . . . . . Critical Parts Destroyed . | . . . . . . . Critical Strikes 5 | . . . . 2 3 . Burn 2 | . . . . 2 . . Sever 3 | . . . . . 3 . Melee Attacks 22 | . . . . 2 20 . Impact . | . . . . . . . Slashing 21 | . . . . 1 20 . Piercing . | . . . . . . . Sneak Attacks . | . . . . . . . Combat Hostiles . | . . . . . . . Follow-up Attacks . | . . . . . . . Damage Inflicted 3090 | 140 179 299 13 482 1859 118 Guns 1900 | 140 107 46 13 247 1229 118 Cannons 43 | . . . . 43 . . Explosions 473 | . . 157 . 120 196 . Melee 482 | . . . . 48 434 . Ramming . | . . . . . . . Kinetic 101 | . . . . 43 16 42 Thermal 1900 | 140 179 142 13 271 1155 . Explosive 473 | . . 157 . 120 196 . Electromagnetic 134 | . . . . . 58 76 Impact . | . . . . . . . Slashing 482 | . . . . 48 434 . Piercing . | . . . . . . . Highest Corruption 9 | . . . . . 6 9 Average Corruption 5 | . . . . . 5 6 Corruption Purged . | . . . . . . . Corruption Blocked . | . . . . . . . Effects 40 | . . . . . 31 9 Message Errors 10 | . . . . . 7 3 Matter Fused 13 | . . . . . 11 2 Heat Flow Errors 3 | . . . . . 2 1 Energy Discharges 2 | . . . . . 2 . Parts Rejected 1 | . . . . . 1 . Parts Fused 1 | . . . . . 1 . Data Loss (minor) 4 | . . . . . 2 2 Data Loss (major) 3 | . . . . . 3 . Misfires 1 | . . . . . 1 . Alerts 1 | . . . . . 1 . Weapon Failures 1 | . . . . . . 1 Overload Shots . | . . . . . . . Overflow Damage 38 | . 12 10 . 8 8 . Projectiles 12 | . 12 . . . . . Explosions 18 | . . 10 . . 8 . Melee 8 | . . . . 8 . . Knockbacks . | . . . . . . . Impact . | . . . . . . . Kinetic . | . . . . . . . Secondary . | . . . . . . . Self-Inflicted Damage 70 | . . . . 32 38 . Shots 3 | . . . . 2 1 . Rammed . | . . . . . . . Targets Rammed . | . . . . . . . Kicked . | . . . . . . . Crushed . | . . . . . . . Highest Temperature 198 | 72 160 105 28 196 198 167 Average Temperature 57 | 29 50 28 8 55 87 42 Received Heat Transfer 511 | . 6 51 20 207 131 96 Siege Activations . | . . . . . . . Martial Activations . | . . . . . . . Shielding Activations . | . . . . . . . Robots Disrupted . | . . . . . . . Combat Hostiles . | . . . . . . . Robots Corrupted . | . . . . . . . Combat Hostiles . | . . . . . . . Parts Fried . | . . . . . . . Impact Corruptions . | . . . . . . . Robots Melted . | . . . . . . . Combat Hostiles . | . . . . . . . Parts Melted 11 | . . . . 5 6 . Heat Transferred 4269 | 325 400 312 37 926 2269 . Parts Sabotaged . | . . . . . . . Parts Stolen . | . . . . . . . Parts Stripped . | . . . . . . . Power Chain Reactions . | . . . . . . . Alert | -11 -10 -9 -9 -8 -7 -7 ------- Run | Yrd Mat Mat Min Mat Fac Low Maximum Alert Level . | . . . . . . . Low Security (%) 100 | 100 100 100 100 100 100 . Level 1 . | . . . . . . . Level 2 . | . . . . . . . Level 3 . | . . . . . . . Level 4 . | . . . . . . . Level 5 . | . . . . . . . High Security . | . . . . . . . Max Security . | . . . . . . . Peak Influence 103 | 5 38 45 . 103 103 . Initial 42 | . . . . . 42 . Average 20 | . 4 5 . 11 33 . Influence Increases 1116 | 10 100 70 . 225 691 20 Destroy 0b10 Robot/C 620 | . 60 40 . 140 360 20 Destroy 0b10 Robot/NC 50 | 10 . 5 . 5 30 . Destroy Leader 174 | . 20 10 . 40 104 . Successful Hack 28 | . . 5 . 6 17 . Disable Machine 30 | . 15 . . 15 . . Destroy Structure 49 | . 5 10 . 19 15 . Lose Combat Pursuer 165 | . . . . . 165 . Influence Decreases 1116 | 10 100 70 . 130 692 114 Entered New Map 89 | . . . . . 53 36 Time Decay 854 | 10 80 70 . 120 506 68 Lost Part 173 | . 20 . . 10 133 10 Squads Dispatched 5 | . 1 . . 1 3 . Investigation 1 | . 1 . . . . . Extermination 3 | . . . . . 3 . Reinforcement 1 | . . . . 1 . . Assault . | . . . . . . . Garrison . | . . . . . . . Intercept . | . . . . . . . Searches Triggered . | . . . . . . . Construction Impeded . | . . . . . . . Haulers Reinforced . | . . . . . . . Active Scanning Responses . | . . . . . . . Cargo Convoy Interrupts . | . . . . . . . Stealth | -11 -10 -9 -9 -8 -7 -7 --------- Run | Yrd Mat Mat Min Mat Fac Low Distress Signals . | . . . . . . . Communications Jammed . | . . . . . . . Distress Signals . | . . . . . . . Times Spotted 59 | . 5 3 6 9 32 4 Peak Tracking Total 6 | . 3 3 6 4 4 3 Tactical Retreats 10 | . . . 2 . 8 . Traps | -11 -10 -9 -9 -8 -7 -7 ------- Run | Yrd Mat Mat Min Mat Fac Low Traps Triggered 3 | . . . . 1 2 . Indirectly . | . . . . . . . Trap Hack Attempts . | . . . . . . . Triggered . | . . . . . . . Disarmed . | . . . . . . . Reprogrammed . | . . . . . . . Reused . | . . . . . . . Traps Extracted . | . . . . . . . Installed . | . . . . . . . Triggered . | . . . . . . . Machines | -11 -10 -9 -9 -8 -7 -7 ---------- Run | Yrd Mat Mat Min Mat Fac Low Machines Disabled 2 | . 1 . . 1 . . Max in Single Turn 1 | . 1 . . 1 . . Garrison Access 1 | . . . . 1 . . Machines Repaired . | . . . . . . . Machines Dismantled . | . . . . . . . Machines Sabotaged . | . . . . . . . Overloaded Fab Kills . | . . . . . . . Hacking | -11 -10 -9 -9 -8 -7 -7 --------- Run | Yrd Mat Mat Min Mat Fac Low Machines Accessed 7 | . 1 1 . 3 2 . Terminals 5 | . 1 1 . 2 1 . Fabricators 1 | . . . . . 1 . Repair Stations . | . . . . . . . Recycling Units . | . . . . . . . Scanalyzers . | . . . . . . . Garrison Access 1 | . . . . 1 . . Total Hacks 25 | . 5 5 . 10 5 . Successful 13 | . 1 3 . 6 3 . Failed 12 | . 4 2 . 4 2 . Catastrophic 1 | . . . . 1 . . Database Lockouts . | . . . . . . . Manual 9 | . 3 . . 6 . . Terminals 20 | . 5 5 . 8 2 . Fabricators 3 | . . . . . 3 . Repair Stations . | . . . . . . . Recycling Units . | . . . . . . . Scanalyzers . | . . . . . . . Garrison Access 2 | . . . . 2 . . Terminal Hacks 9 | . 1 3 . 4 1 . Record 1 | . . . . . 1 . Prototype ID Bank 1 | . . 1 . . . . Alert Level 1 | . 1 . . . . . Locate Traps 1 | . . . . 1 . . Hauler Manifests 1 | . . 1 . . . . Zone Layout 4 | . . 1 . 3 . . Fabricator Hacks 2 | . . . . . 2 . Network Status 1 | . . . . . 1 . Build 1 | . . . . . 1 . Repair Station Hacks . | . . . . . . . Recycling Unit Hacks . | . . . . . . . Scanalyzer . | . . . . . . . Garrison Access Hacks 2 | . . . . 2 . . Seal Access 1 | . . . . 1 . . Coupler Status 1 | . . . . 1 . . Unauthorized Hacks . | . . . . . . . Terminals . | . . . . . . . Fabricators . | . . . . . . . Repair Stations . | . . . . . . . Recycling Units . | . . . . . . . Scanalyzers . | . . . . . . . Garrison Access . | . . . . . . . Data Cores Recovered . | . . . . . . . Used . | . . . . . . . Hacking Detections 3 | . 1 . . 1 1 . Full Trace Events 1 | . 1 . . . . . Feedback Events . | . . . . . . . Feedback Blocked . | . . . . . . . Robot Schematics Acquired . | . . . . . . . Robots Built . | . . . . . . . Authchips . | . . . . . . . Time . | . . . . . . . Total Robot Build Rating . | . . . . . . . Part Schematics Acquired . | . . . . . . . Parts Built . | . . . . . . . Authchips . | . . . . . . . Time 106 | . . . . . 106 . Total Part Build Rating . | . . . . . . . Parts Repaired . | . . . . . . . Time . | . . . . . . . Parts Recycled . | . . . . . . . Recycled Matter . | . . . . . . . Retrieved Matter . | . . . . . . . Retrieved Components . | . . . . . . . Parts Scanalyzed . | . . . . . . . Part Schematics Acquired . | . . . . . . . Parts Damaged . | . . . . . . . Bothacking | -11 -10 -9 -9 -8 -7 -7 ------------ Run | Yrd Mat Mat Min Mat Fac Low Used RIF Installer . | . . . . . . . Robots Hacked 2 | . . . . 1 1 . Non-combat . | . . . . . . . Combat 2 | . . . . 1 1 . Robot Hacks Applied 2 | . . . . 1 1 . parse_system 2 | . . . . 1 1 . Relay Couplers Released 1 | . . . . 1 . . Machine Destruction 1 | . . . . 1 . . Fabnet Peak Effective % . | . . . . . . . Robots Rewired . | . . . . . . . Allies Hacked . | . . . . . . . Hacks Repelled . | . . . . . . . Allies | -11 -10 -9 -9 -8 -7 -7 -------- Run | Yrd Mat Mat Min Mat Fac Low Total Allies . | . . . . . . . Largest Group . | . . . . . . . Highest-Rated Group . | . . . . . . . Highest-Rated Ally . | . . . . . . . Total Orders . | . . . . . . . Ally Attacks . | . . . . . . . Total Damage . | . . . . . . . Kills . | . . . . . . . Allies Corrupted . | . . . . . . . Allies Melted . | . . . . . . . Intel | -11 -10 -9 -9 -8 -7 -7 ------- Run | Yrd Mat Mat Min Mat Fac Low Active Infowar (turns) 2543 | 41 549 434 163 422 739 195 Optics 634 | . . . . . 439 195 Sensors 1561 | . 536 434 163 128 300 . Terrain 477 | 41 436 . . . . . Seismic 294 | . . . . 294 . . Robot Analysis Total . | . . . . . . . Derelict Logs Recovered 1 | . . . 1 . . . Drone Launches . | . . . . . . . Drone Recoveries . | . . . . . . . Exploration | -11 -10 -9 -9 -8 -7 -7 ------------- Run | Yrd Mat Mat Min Mat Fac Low Turns Passed 3915 | 191 549 434 163 432 1951 195 Spaces Moved 1657 | 98 185 120 95 175 798 186 Core 82 | 1 . . . . 81 . Treads 834 | 97 185 120 95 175 162 . Legs 349 | . . . . . 277 72 Wheels 264 | . . . . . 264 . Hover 123 | . . . . . 9 114 Flight 5 | . . . . . 5 . Fastest Speed 50 | 50 160 160 160 160 90 70 Average Speed 167 | 158 160 160 160 160 192 92 Slowest Speed 550 | 160 160 160 160 160 550 120 Overloaded Moves . | . . . . . . . Propulsion Burnouts . | . . . . . . . Robots Hopped . | . . . . . . . Potential Cave-ins . | . . . . . . . Cave-ins Triggered . | . . . . . . . Exploration Rate (%) 22 | 5 28 13 37 20 15 36 Regions Visited 6 Branch Regions 2 Pre-discovered Areas . | . . . . . . . Known Exits Taken 1 | . . . . . 1 . Unknown Exits Taken 5 | 1 1 1 1 1 . . Scrap Searched 2 | . . . . . . 2 Spaces Dug 13 | . 6 7 . . . . Terrain Destroyed 47 | . 8 10 . 16 13 . Melee . | . . . . . . . Projectile 13 | . 8 5 . . . . AOE 34 | . . 5 . 16 13 . Terrain Rammed . | . . . . . . . Walls Destroyed . | . . . . . . . Machines Disabled . | . . . . . . . Actions | -11 -10 -9 -9 -8 -7 -7 --------- Run | Yrd Mat Mat Min Mat Fac Low Total 2463 | 114 376 323 101 265 1085 199 Wait 529 | . 165 184 1 25 150 4 Move 1651 | 97 184 119 94 174 797 186 Hop . | . . . . . . . Pick Up 26 | 3 2 1 1 9 10 . Fast Attach 30 | 6 2 . . 2 19 1 Attach 18 | . 1 1 . 5 9 2 Detach 2 | . . . . . 2 . Swap 20 | . 2 3 . 8 7 . Drop 21 | . . . . 6 15 . Fire 144 | 8 20 15 5 34 56 6 Melee 22 | . . . . 2 20 . Ram . | . . . . . . . Kick . | . . . . . . . Crush . | . . . . . . . Escape Stasis . | . . . . . . . Rewire . | . . . . . . . Trap . | . . . . . . . Miscellaneous . | . . . . . . . Route ------- -11/Scrapyard -10/Materials -9/Materials -9/Mines -8/Materials -7/Factory -7/Lower Caves History --------- Turn | Location | Event 31 | -11/Scrapyard | Discovered new exit (range 16) 192 | -11/Scrapyard | Entered Materials 302 | -10/Materials | Build established: Mutant 719 | -10/Materials | Discovered new exit (range 11) 741 | -10/Materials | Entered another Materials area 741 | -9/Materials | Evolved 2 slots: Propulsion x1, Utility x1 1151 | -9/Materials | Discovered new exit (range 14) 1175 | -9/Materials | Entered Mines 1223 | -9/Mines | Assembled infested the area 1228 | -9/Mines | Assisted by a Guerilla fighting off Assembled 1228 | -9/Mines | Learned Materials non-interactive machine intel 1235 | -9/Mines | Found a damaged Exp. Sensor Array with a note attached 1238 | -9/Mines | Found Prototype Device 1322 | -9/Mines | Discovered new exit (range 8) 1329 | -9/Mines | Received a Rocket Launcher from a helpful Derelict 1338 | -9/Mines | Entered Materials 1338 | -8/Materials | Evolved 2 slots: Utility x1, Weapon x1 1339 | -8/Materials | Loaded intel: 31 non-interactive machine locations 1721 | -8/Materials | Discovered new exit (range 14) 1754 | -8/Materials | Identified Exp. Sensor Array 1770 | -8/Materials | Entered Factory 1770 | -7/Factory | Evolved 2 slots: Utility x2 2407 | -7/Factory | Build established: Scavenger-Tank 2891 | -7/Factory | Build established: Scavenger-Mutant 3157 | -7/Factory | Core integrity fell below 50% 3258 | -7/Factory | Lost 4 parts (1n2u1w) 3328 | -7/Factory | Build established: Mutant 3344 | -7/Factory | Lost 4 parts (1p2n1u) 3708 | -7/Factory | Discovered new exit (range 11) 3720 | -7/Factory | Identified exit to Lower Caves 3721 | -7/Factory | Entered Lower Caves 3883 | -7/Lower Caves | Attracted the attention of an 0b10 checkpoint 3894 | -7/Lower Caves | Core integrity fell below 20% 3916 | -7/Lower Caves | Destroyed by S-27 Virus with Autogun Last Messages --------------- S-27 Virus misfires. S-27 Virus destroyed. Switching to secondary target: G-47 Trooper. Lgt. Deuterium Engine destroyed. Autogun fries itself beyond repair. Destroyed Aluminum Leg. Autogun destroyed. CEXTLK1397XNLC/BD#Q